 Dungeon Crawl Stone Soup version 0.27-a0-607-g1ad3dbde53 (webtiles) character file.

Game seed: 9093809019164827647

27 Leibowitz the Sneak (level 2, -9/13 HPs)
             Began as a Spriggan Enchanter on Mar 13, 2021.
             Mangled by an ogre
             ... wielding a +0 giant club
              (22 damage)
             ... on level 2 of the Dungeon.
             The game lasted 00:03:20 (1634 turns).

Leibowitz the Sneak (Spriggan Enchanter)            Turns: 1634, Time: 00:03:21

Health: -9/13      AC:  2    Str:  4    XL:     2   Next: 93%
Magic:  4/7        EV: 17    Int: 16    God:
Gold:   24         SH:  0    Dex: 15    Spells: 4/7 levels left

rFire    . . .     SeeInvis +   a - +1 dagger (venom)
rCold    . . .     Faith    .   (shield restricted)
rNeg     . . .     Spirit   .   b - +0 robe
rPois    .         Reflect  .   (helmet restricted)
rElec    .         Harm     .   (no cloak)
rCorr    .         Rampage  .   (gloves unavailable)
Will     .....                  (boots unavailable)
Stlth    +++.......             (no amulet)
HPRegen  0.04/turn              (no ring)
MPRegen  0.10/turn              (no ring)

@: very quick
A: very small, unfitting armour, see invisible, speed 3
a: no special abilities


You were on level 2 of the Dungeon.
You visited 1 branch of the dungeon, and saw 2 of its levels.

You collected 24 gold pieces.

Inventory:

Hand Weapons
 a - a +1 dagger of venom (weapon)
Armour
 b - a +0 robe (worn)
Scrolls
 c - a scroll of identify {unknown}
 d - a scroll of enchant weapon {unknown}
 f - a scroll of teleportation {unknown}
 g - a scroll of enchant armour {unknown}
 h - 3 scrolls of blinking {unknown}
Potions
 e - a potion of attraction
 i - a potion of berserk rage {unknown}


   Skills:
 + Level 1.4 Short Blades
 + Level 2.7 Dodging
 + Level 5.1 Stealth
 + Level 3.0 Spellcasting
 + Level 4.1 Hexes
 + Level 0.2 Ice Magic


You had 4 spell levels left.
You knew the following spells:

 Your Spells              Type           Power      Damage    Failure   Level
a - Corona                Hex            16%        N/A       3%          1
b - Ensorcelled Hibernat  Hex/Ice        18%        N/A       12%         2

Your spell library contained the following spells:

 Spells                   Type           Power      Damage    Failure   Level
 Confusing Touch          Hex            15%        N/A       11%         3
 Tukima's Dance           Hex            15%        N/A       11%         3
 Dazzling Flash           Conj/Hex       18%        N/A       24%         3


Dungeon Overview and Level Annotations

Branches:
Dungeon (2/15)

Altars:
Makhleb


Innate Abilities, Weirdness & Mutations

You are very small and have problems with some larger weapons.
You are too small for most types of armour.
You have supernaturally acute eyesight. (SInv)
You cover ground extremely quickly. (Speed+++)


Message History

The quokka misses you.
Found a scroll labelled HEDATO XUULO.
Casting: Ensorcelled Hibernation (safe; 12% risk of failure)
Confirm with . or Enter, or press ? or * to list all spells.
Aiming: Ensorcelled Hibernation (safe; 12% risk of failure)
Press: ? - help, Shift-Dir - straight line, f - quokka
Aim: a quokka (chance to affect: 58%)
The quokka looks drowsy...
The helpless quokka fails to defend itself.
You impale the quokka!!
You kill the quokka!
Magic restored.
h - 3 scrolls labelled HEDATO XUULO (gained 1)
An ogre comes into view. It is wielding a +0 giant club.
Found a burning altar of Makhleb.
The ogre shouts!
Found a stone staircase leading up.
Casting: Ensorcelled Hibernation (safe; 12% risk of failure)
Confirm with . or Enter, or press ? or * to list all spells.
Aiming: Corona (safe; 3% risk of failure)
Press: ? - help, Shift-Dir - straight line, f - ogre
Aim: an ogre, wielding a +0 giant club (chance to affect: 51%)
The ogre is outlined in light.
Casting: Corona (safe; 3% risk of failure)
Confirm with . or Enter, or press ? or * to list all spells.
Aiming: Ensorcelled Hibernation (safe; 12% risk of failure)
Press: ? - help, Shift-Dir - straight line, f/p - ogre
Aim: an ogre, wielding a +0 giant club (softly glowing, chance to affect: 40%)
The ogre looks drowsy...
The helpless ogre fails to defend itself.
You impale the ogre!!
The ogre is severely wounded.
You hit the ogre.
The ogre is poisoned.
The ogre is almost dead.
The ogre completely misses you.
You hit the ogre but do no damage.
The ogre looks as sick as possible!
The ogre is almost dead.
The ogre hits you with a +0 giant club!!
Ouch! That really hurt!
You die...

# # #.###. ##
#._..##<#
#O.##########
+.@.........#
#..########.#
#### #.# #.#
#.# #.# #.#
#.# #.#


You could see an ogre (extremely poisoned, corona).

Vanquished Creatures
  An ooze (D:1)
  A dart slug (D:1)
  A ball python (D:1)
  A bat (D:1)
  2 giant cockroaches (D:1)
  A goblin (D:1)
  5 hobgoblins
  A quokka (D:2)
  A frilled lizard (D:1)
  A kobold (D:1)
  4 rats (D:1)
19 creatures vanquished.

Notes
Turn   | Place    | Note
-------+----------+-------------------------------------------
     0 | D:1      | Leibowitz the Spriggan Enchanter began the quest for the
                  | Orb.
     0 | D:1      | Reached XP level 1. HP: 9/9 MP: 5/5
   486 | D:1      | Reached XP level 2. HP: 13/13 MP: 6/6
   489 | D:1      | Learned a level 2 spell: Ensorcelled Hibernation
  1186 | D:1      | Reached skill level 5 in Stealth
  1624 | D:2      | Found a burning altar of Makhleb.
  1624 | D:2      | Noticed an ogre
  1634 | D:2      | Mangled by an ogre

Illustrated notes

Levels and vault maps discovered:
D:1:      minmay_arrival_cross, layout_basic, lemuel_old_faithful
D:2:      layout_basic, grunt_temple_overflow_order_and_chaos_2,
          hangedman_decor_diamond_cutter, minmay_tetromino_o2, uniq_natasha,
          uniq_terence, uniq_crazy_yiuf_cottage, uniq_jessica

Skill      XL: |  1  2 |
---------------+-------+-----
Hexes          | 4 |  4.1
Spellcasting   | 3 |  3.0
Stealth        | 5 |  5.1
Short Blades   | |  1.4
Dodging        | |  2.7
Ice Magic      | |  0.2

Action                   || total
-------------------------++-------
Melee: Dagger            ||    57
 Cast: Corona            ||    11
       Ensorcelled Hiber ||    12
  Use: Potion            ||     3
 Stab: Sleeping          ||    14
Armor: Robe              ||     5
Dodge: Dodged            ||    42

Table legend: (Time is in decaauts)
 A = Elapsed time spent in this place.
 B = Non-inter-level travel time spent in this place.
 C = Inter-level travel time spent in this place.
 D = Time resting spent in this place.
 E = Time spent auto-exploring this place.
 F = Levels seen in this place.
 G = Mean time per level.
                   A        B        C        D        E       F      G
               +--------+--------+--------+--------+--------+-----+--------+
         Total |   1269 |   1247 |     22 |    134 |    927 |   2 |  634.5 |
       Dungeon |   1269 |   1247 |     22 |    134 |    927 |   2 |  634.5 |
               +--------+--------+--------+--------+--------+-----+--------+

Top non-repeatable levels by time:
     D:1: 1205 daAuts
     D:2: 63 daAuts
